 Dungeon Sprint DCSS version 0.29-a0-925-g0a7a3d12f8 (webtiles) character file.

Game seed: 6584712115344951682

2349 Hipnos the Basher (level 9, -5/102 HPs)
             Began as a Gargoyle Berserker on July 28, 2022.
             Was a Priest of Trog.
             Slain by Kirke (10 damage)
             ... in the Dungeon (Sprint II: "The Violet Keep of Menkaure").
             The game lasted 00:08:36 (1232 turns).

Hipnos the Basher (Gargoyle Berserker)              Turns: 1232, Time: 00:08:37

Health: -5/102     AC:  0    Str: 25    XL:     9   Next: 43%
Magic:  9/9        EV: 16    Int:  8    God:    Trog [***...]
Gold:   327        SH:  0    Dex:  9    Spells: 8/8 levels left

rFire   . . .      SeeInvis .   (weapon currently unavailable)
rCold   . . .      Faith    .   (shield currently unavailable)
rNeg    + . .      Spirit   .   (body armour currently unavailable)
rPois   ∞          Reflect  .   (helmet currently unavailable)
rElec   .          Harm     .   (cloak currently unavailable)
rCorr   .          Rampage  .   (gloves currently unavailable)
Will    ++...      NoTele   +   (boots currently unavailable)
Stlth   ..........              (no amulet)
HPRegen 1.27/turn               (ring currently unavailable)
MPRegen 0.11/turn               (ring currently unavailable)

@: berserking, pig-form, strong-willed, regenerating, hasted, very quick
A: fast, no casting, sickness immunity, AC +6, small, negative energy resistance
1, (electricity resistance), torment resistance 1, petrification resistance
a: Renounce Religion, Berserk, Trog's Hand


You were in the Dungeon.
You worshipped Trog.
Trog was most pleased with you.
You were a filthy swine.
You visited 1 branch You collected 977 gold pieces.
You spent 650 gold pieces at shops.

Inventory:

Hand Weapons
 a - a +0 mace
 g - a +2 mace of holy wrath (melded)
Armour
 b - a +0 animal skin
 i - a +1 plate armour of willpower (melded)
Potions
 f - 2 potions of magic


   Skills:
 + Level 13.4 Fighting
 + Level 14.2 Maces & Flails
 + Level 7.9 Armour
 + Level 6.6 Dodging
 + Level 1.5 Stealth


You had 8 spell levels left.
You didn't know any spells.
Your spell library was empty.

Dungeon Overview and Level Annotations

Branches:
Dungeon (1/1)

Altars:
Gozag
Okawaru

Shops:
D (?:[=(:?!=[*:!(

Annotations:
D exclusions: obsidian statue and oklob plant, Kirke


Innate Abilities, Weirdness & Mutations

You are a filthy swine.
You move quickly.
Your equipment is almost entirely melded.
You are incapable of wielding weapons or throwing items.
You cannot cast spells.
You are immune to sickness and miasma.
((Your stone body is resilient. (AC +6)))
You are immune to poison.
You resist negative energy. (rN+)
((You are resistant to electric shocks. (rElec)))
You are resistant to unholy torment.
You are immune to petrification.


Message History

You hear a splashing noise.
A shining eye comes into view.
The water moccasin hisses angrily. x2
Your ogre hits the sphinx with a +0 giant spiked club!!!
There is an entrance to Paumu's Jewellery Boutique here.
Okay, then.
You feel better.
Your ogre barely misses the sphinx.
A shining eye comes into view.
Your ogre barely misses the sphinx.
Okay, then.
Okay, then.
Your ogre rages.
You feel the effects of Trog's Hand fading.
Your ogre hits the sphinx with a +0 giant spiked club!!
Your skin crawls.
You feel strong-willed.
The sphinx casts a spell.
Something smites you!
A red film seems to cover your vision as you go berserk!
You feel yourself moving faster!
You feel mighty!
Your ogre hits the sphinx with a +0 giant spiked club!
You closely miss the skeletal warrior.
The skeletal warrior is almost destroyed.
The sphinx hits your ogre!
The sphinx hits your ogre but does no damage.
The sphinx hits your ogre.
Your ogre hits the sphinx with a +0 giant spiked club!!!
The sphinx dies!
The sphinx's corpse disappears in a puff of smoke!
The skeletal warrior barely misses you.
You hit the skeletal warrior.
The skeletal warrior is almost destroyed.
You hit the skeletal warrior but do no damage.
The skeletal warrior is almost destroyed.
Your ogre hits the centaur warrior with a +0 giant spiked club!
The skeletal warrior hits you with a +0 long sword!!
* * * LOW HITPOINT WARNING * * *
Something hits you!
You die...

### °8 #.c{#### ≈§§§
#Ycz..K##≈≈3°≈
############≈≈#°§°#+
###########≈≈G......
##∩......h#Y≈≈≈.##+##
##.∩...O.z#G≈≈≈##...## ###
##∩.∩...c3#≈≈≈≈#..#..# ...
##.∩.∩.∩.∩#≈≈####.).####..
##..∩.∩.∩.#K##.###'###.##.
##...∩.∩.3#≈##..##.##...#.
##....⌠...c≈'.##'.<.'.##+.
##........#≈##..##.##...#.
#▓▓▓▓▓▓▓###≈##.###'###.##.


You could see a yaktaur captain, an elephant, a skeletal warrior, a soul eater
(summoned), 2 shining eyes, a centaur warrior (ally target), a kobold
demonologist, a ynoxinul (summoned) and a friendly ogre (summoned, berserk).

Vanquished Creatures
  2 boulder beetles (D)
  A merfolk siren (D)
  Menkaure (D)
  A vampire mosquito (D)
  2 water moccasins (D)
  4 scorpions (D)
  4 necrophages (D)
15 creatures vanquished.

Notes
Turn   | Place    | Note
-------+----------+-------------------------------------------
     0 | D        | Hipnos the Gargoyle Berserker began the quest for the Orb.
     0 | D        | Reached XP level 1. HP: 14/14 MP: 1/1
     1 | D        | Noticed a necrophage
     1 | D        | Noticed a necrophage
     1 | D        | Noticed a necrophage
     1 | D        | Noticed a necrophage
     5 | D        | Killed a necrophage
     6 | D        | Reached skill level 5 in Maces & Flails
     6 | D        | Reached XP level 2. HP: 22/22 MP: 2/2
     6 | D        | Reached XP level 3. HP: 27/27 MP: 3/3
     6 | D        | Reached XP level 4. HP: 32/32 MP: 4/4
    10 | D        | Killed a necrophage
    11 | D        | Reached skill level 6 in Maces & Flails
    11 | D        | Reached XP level 5. HP: 38/38 MP: 5/5
    15 | D        | Reached ** piety under Trog
    16 | D        | Reached skill level 7 in Maces & Flails
    20 | D        | Reached skill level 8 in Maces & Flails
    20 | D        | Reached XP level 6. HP: 45/45 MP: 6/6
    29 | D        | Noticed Menkaure
    33 | D        | Killed Menkaure
    34 | D        | Reached skill level 9 in Maces & Flails
    34 | D        | Reached skill level 5 in Armour
   105 | D        | Noticed a water moccasin
   110 | D        | Killed a water moccasin
   110 | D        | Reached *** piety under Trog
   170 | D        | Reached skill level 10 in Fighting
   170 | D        | Reached skill level 10 in Maces & Flails
   170 | D        | Reached XP level 7. HP: 51/52 MP: 7/7
   193 | D        | Reached **** piety under Trog
   329 | D        | Noticed a boulder beetle
   329 | D        | Noticed a boulder beetle
   333 | D        | Noticed a merfolk siren
   337 | D        | Killed a merfolk siren
   338 | D        | Reached skill level 11 in Maces & Flails
   338 | D        | Reached skill level 5 in Dodging
   338 | D        | Reached XP level 8. HP: 60/60 MP: 8/8
   383 | D        | Found Paluimul's General Store.
   383 | D        | Found Owaugiul's Distillery.
   383 | D        | Found Wyiwkyent's Jewellery Boutique.
   383 | D        | Found Kohi's Antique Weapon Shop.
   383 | D        | Found Cenn's Antique Armour Boutique.
   383 | D        | Found Lizes's Book Boutique.
   384 | D        | Found Voamit's Distillery.
   384 | D        | Found Kefush's Magic Scroll Shop.
   385 | D        | Found Vuit's Book Shop.
   385 | D        | Found Pamniex's Weapon Boutique.
   387 | D        | Found Paumu's Jewellery Boutique.
   387 | D        | Found Ixoufio's Antique Armour Shop.
   387 | D        | Noticed a death yak
   387 | D        | Noticed an oklob plant
   387 | D        | Noticed a wyvern
   407 | D        | Reached skill level 12 in Maces & Flails
   407 | D        | Noticed a wyvern
   408 | D        | Found Yqiheap's Magic Scroll Shop.
   408 | D        | Found Ymeeco Ysa's Book Shoppe.
   408 | D        | Found Myghosso's Antique Weapon Boutique.
   765 | D        | Bought a +2 mace of holy wrath for 208 gold pieces
   769 | D        | Bought a runed plate armour for 442 gold pieces
   862 | D        | Killed a boulder beetle
   862 | D        | Reached ***** piety under Trog
   863 | D        | Reached skill level 13 in Maces & Flails
   863 | D        | Reached skill level 1 in Stealth
   863 | D        | Reached XP level 9. HP: 67/67 MP: 9/9
  1098 | D        | Found an iron altar of Okawaru.
  1098 | D        | Found an opulent altar of Gozag.
  1113 | D        | Killed a boulder beetle
  1114 | D        | Reached skill level 14 in Maces & Flails
  1188 | D        | Noticed an elephant
  1188 | D        | Noticed a centaur warrior
  1188 | D        | Noticed Kirke
  1188 | D        | Noticed a yaktaur captain
  1188 | D        | Noticed a skeletal warrior
  1188 | D        | Noticed a kobold demonologist
  1199 | D        | Noticed a sphinx
  1201 | D        | Noticed an obsidian statue
  1203 | D        | Noticed a soul eater
  1210 | D        | Noticed a shining eye
  1224 | D        | Noticed a shining eye
  1232 | D        | HP: 5/102 [skeletal warrior/+0 long sword (29)]
  1232 | D        | Slain by Kirke

Illustrated notes

Levels and vault maps discovered:
D:        the_violet_keep_of_menkaure [sprint2_stairs_cluster_1,
          sprint2_shoproom, sprint2_temple, sprint2_basic_supplies,
          sprint2_obstacle_7, sprint2_obstacle_1, sprint2_obstacle_3,
          sprint2_obstacle_2, sprint2_obstacle_4, sprint2_timed_cluster_1,
          sprint2_smallroom_cluster_1, sprint2_smallroom_final_cluster_1,
          sprint2_transparent_cluster_1, sprint2_second_timed_cluster_1,
          sprint2_sniper_area_1, sprint2_heavy_combat_area_1,
          sprint2_mutation_trap_area_1, sprint2_forest_area_1,
          sprint2_light_combat_area_1, sprint2_behind_water_1,
          sprint2_near_end_vault_1]

Skill      XL: |  1  2  3  4  5  6  7  8  9 |
---------------+----------------------------+-----
Fighting       | 6 7 8 10 11 12 13 | 13.4
Maces & Flails | 5 6 8 10 11 13 14 | 14.2
Armour         | 3 4 5 6 7 |  7.9
Dodging        | 2 3 4 5 6 |  6.6
Stealth        | 1 |  1.5

Action                   |  1- 3 |  4- 6 |  7- 9 || total
-------------------------+-------+-------+-------++-------
Melee: Mace              |     3 |    23 |    95 ||   121
       Unarmed           |       |       |     3 ||     3
Invok: Berserk           |       |     1 |     5 ||     6
       Trog's Hand       |       |       |     4 ||     4
       Brothers in Arms  |       |       |     2 ||     2
  Use: Potion            |     1 |       |     3 ||     4
       Scroll            |       |       |     1 ||     1
Armor: Animal skin       |       |     3 |    11 ||    14
       Plate armour      |       |       |    15 ||    15
Dodge: Dodged            |       |     6 |    30 ||    36

Table legend: (Time is in decaauts)
 A = Elapsed time spent in this place.
 B = Non-inter-level travel time spent in this place.
 C = Inter-level travel time spent in this place.
 D = Time resting spent in this place.
 E = Time spent auto-exploring this place.
 F = Levels seen in this place.
 G = Mean time per level.
                   A        B        C        D        E       F      G
               +--------+--------+--------+--------+--------+-----+--------+
         Total |   1286 |   1286 |      0 |    912 |      0 |   1 | 1286.0 |
       Dungeon |   1286 |   1286 |      0 |    912 |      0 |   1 | 1286.0 |
               +--------+--------+--------+--------+--------+-----+--------+

Top non-repeatable levels by time:
       D: 1286 daAuts
